 Dungeon Crawl Stone Soup version 0.25.0-9-g26727b657a (webtiles) character file.

Game seed: 17181931329125772981

204 Dirian the Slasher (level 5, -1/47 HPs)
             Began as a Minotaur Fighter on June 18, 2020.
             Killed by nerve-wracking pain
             ... invoked by an orc priest
              (4 damage)
             ... on level 3 of the Dungeon.
             The game lasted 00:02:39 (2314 turns).

Dirian the Slasher (Minotaur Fighter)               Turns: 2314, Time: 00:02:40

Health: -1/47      AC:  9    Str: 21    XL:     5   Next: 52%
Magic:  4/4        EV:  7    Int:  5    God:
Gold:   84         SH:  9    Dex: 10    Spells: 4/4 levels left

rFire    . . .     SeeInvis .   a - +0 long sword
rCold    . . .     Gourm    .   c - +0 kite shield
rNeg     . . .     Faith    .   b - +0 scale mail
rPois    .         Spirit   .   (helmet restricted)
rElec    .         Reflect  .   v - +0 cloak
rCorr    .         Harm     .   u - +0 pair of gloves
MR       .....                  (no boots)
Stlth    ..........             (no amulet)
HPRegen  0.15/turn              (no ring)
MPRegen  0.09/turn              (no ring)

@: mighty
A: retaliatory headbutt, horns 2
a: no special abilities


You were on level 3 of the Dungeon.
You were not hungry.

You visited 1 branch of the dungeon, and saw 3 of its levels.

You collected 84 gold pieces.

Inventory:

Hand Weapons
 a - a +0 long sword (weapon)
Armour
 b - a +0 scale mail (worn)
 c - a +0 kite shield (worn)
 u - a +0 pair of gloves (worn)
 v - a +0 cloak (worn)
 w - a +0 chain mail
Jewellery
 l - an uncursed ring of positive energy {unknown}
 p - an uncursed ring of positive energy {unknown}
 s - an uncursed ring of see invisible {unknown}
Scrolls
 i - 2 scrolls of enchant weapon {unknown}
 j - 3 scrolls of enchant armour {unknown}
 k - a scroll of magic mapping {unknown}
 m - 2 scrolls of identify {unknown}
 o - a scroll of remove curse {unknown}
 t - a scroll of fear {unknown}
 x - 3 scrolls of teleportation {unknown}
 y - a scroll of blinking {unknown}
Potions
 f - a potion of magic {unknown}
 h - 2 potions of resistance {unknown}
 n - a potion of ambrosia {unknown}
 q - a potion of curing
 r - a potion of haste {unknown}
Comestibles
 e - 5 rations
 g - a chunk of flesh


   Skills:
 + Level 4.4 Fighting
 * Level 5.3 Long Blades
 + Level 4.4 Armour
 + Level 4.6 Shields


You had 4 spell levels left.
You didn't know any spells.
Your spell library was empty.

Dungeon Overview and Level Annotations

Branches:
Dungeon (3/15)

Altars:
Elyvilon
Yredelemnul

Annotations:
D:3 2 runed translucent doors


Innate Abilities, Weirdness & Mutations

You reflexively headbutt those who attack you in melee.
You have a pair of horns on your head.


Message History

The orc priest mumbles some strange prayers to Beogh against you.
Beogh smites you!
The orc priest hits you with a +0 hand axe.
* * * LOW HITPOINT WARNING * * *
You closely miss the orc priest.
The orc priest hits you but does no damage.
You closely miss the orc priest.
The orc priest hits you but does no damage.
You closely miss the orc priest. The orc barely misses you.
You block the orc priest's attack.
You feel very mighty all of a sudden.
The orc priest hits you with a +0 hand axe.
* * * LOW HITPOINT WARNING * * *
You closely miss the orc priest.
The orc priest begins to cast a cantrip, but forgets the words!
The orc hits you with a +0 flail!
* * * LOW HITPOINT WARNING * * *
The orc priest mumbles some strange prayers to Beogh against you.
Pain shoots through your body!
You die...

###...# #### #.....# ...#
#.#...# ...####.#...# ###
...#....#...# #.( #
.....####...# #.# .#
...########## #.# ..
...##..## ##.##.#
...##...######..@oo#.#
...##.#..#......o)......
##.#.......##.#..)......
#....###..##.#.........
###...####....#.........
........<####............
.......).####...........
.+
.......................###
.+
......)..####.#........#>#
.#


You could see 2 orc priests and an orc.

Vanquished Creatures
  Terence (D:3)
  Robin (D:3)
  3 gnolls (D:2)
  3 adders (D:2)
  An ooze (D:2)
  2 worms
  5 leopard geckos
  13 orcs (D:3)
  6 bats
  5 giant cockroaches
  17 goblins
  9 hobgoblins
  A quokka (D:2)
  2 frilled lizards
  5 kobolds
  8 rats
82 creatures vanquished.

Notes
Turn   | Place    | Note
-------+----------+-------------------------------------------
     0 | D:1      | Dirian the Minotaur Fighter began the quest for the Orb.
     0 | D:1      | Reached XP level 1. HP: 19/19 MP: 0/0
   183 | D:1      | Reached XP level 2. HP: 27/27 MP: 1/1
   697 | D:2      | Reached skill level 3 in Long Blades
   701 | D:2      | Reached XP level 3. HP: 33/33 MP: 2/2
  1100 | D:2      | Reached XP level 4. HP: 39/40 MP: 3/3
  1323 | D:2      | Found a basalt altar of Yredelemnul.
  1349 | D:2      | Reached skill level 4 in Long Blades
  1383 | D:2      | Found a white marble altar of Elyvilon.
  1936 | D:3      | Found a runed translucent gate.
  1939 | D:3      | Reached XP level 5. HP: 44/47 MP: 4/4
  1958 | D:3      | Found a runed translucent gate.
  2148 | D:3      | Noticed Robin
  2163 | D:3      | Killed Robin
  2164 | D:3      | Reached skill level 5 in Long Blades
  2291 | D:3      | Noticed Terence
  2302 | D:3      | Killed Terence
  2314 | D:3      | Killed from afar by an orc priest

Illustrated notes

Levels and vault maps discovered:
D:1:      minmay_arrival_up_and_down, layout_loops_ring,
          minmay_worlds_worst_comb
D:2:      layout_loops_corners, kennysheep_ying_yang
D:3:      layout_rooms, gammafunk_ghost_cemetery, minmay_statues_item,
          chequers_serial_rivers_room_a, uniq_grinder, uniq_robin, uniq_terence

Skill      XL: |  1  2  3  4  5 |
---------------+----------------+-----
Armour         | 4 |  4.4
Shields        | 4 |  4.6
Fighting       | 4 |  4.4
Long Blades    | 3 4 5 |  5.3

Action                   |  1- 3 |  4- 6 || total
-------------------------+-------+-------++-------
Melee: Long sword        |    95 |   112 ||   207
       Headbutt          |    13 |    21 ||    34
  Use: Potion            |       |     1 ||     1
  Eat: Chunk             |     1 |     4 ||     5
Armor: Scale mail        |    46 |    33 ||    79
Dodge: Dodged            |    26 |    30 ||    56
Block: Kite shield       |    46 |    53 ||    99
       Rpst.: Long sword |     5 |     9 ||    14
